 Dungeon Crawl Stone Soup version 0.28.0 (webtiles) character file.

Game seed: 18107200574580332791

473 Kaptain the Magician (level 6, 0/34 HPs)
             Began as a Deep Elf Earth Elementalist on Feb 15, 2022.
             Slain by Duvessa (12 damage)
             ... on level 4 of the Dungeon.
             The game lasted 00:10:02 (4673 turns).

Kaptain the Magician (Deep Elf Earth Elementalist)  Turns: 4673, Time: 00:10:03

Health: 0/34       AC:  5    Str:  5    XL:     6   Next: 83%
Magic:  10/15      EV: 13    Int: 22    God:
Gold:   130        SH:  0    Dex: 21    Spells: 11/15 levels left

rFire   + + .      SeeInvis .   l - +7 flail of Oshiow {flame, rPois rF++ rC-}
rCold   x . .      Faith    .   (no shield)
rNeg    . . .      Spirit   .   i - +0 leather armour
rPois   +          Reflect  .   k - +1 helmet
rElec   .          Harm     .   (no cloak)
rCorr   .          Rampage  .   (no gloves)
Will    .....                   (no boots)
Stlth   +++.......              (no amulet)
HPRegen 0.11/turn               e - +6 ring of dexterity
MPRegen 0.14/turn               (no ring)

@: no status effects
A: no striking features
a: no special abilities


You were on level 4 of the Dungeon.
You visited 1 branch of the dungeon, and saw 4 of its levels.

You collected 130 gold pieces.

Inventory:

Hand Weapons
 a - a +0 vorpal spear
 f - a +3 dagger of venom
 l - the +7 flail of Oshiow (weapon) {flame, rPois rF++ rC-}
   (You found it on level 3 of the Dungeon)

   It burns those it strikes, dealing additional fire damage.
   rF:        It greatly protects you from fire.
   rC:        It makes you vulnerable to cold.
   rPois:     It protects you from poison.
Missiles
 c - 119 stones
Armour
 i - a +0 leather armour (worn)
 k - a +1 helmet (worn)
Jewellery
 e - a +6 ring of dexterity (left hand)
Wands
 s - a wand of acid (8)
Scrolls
 j - 2 scrolls of teleportation
 o - 2 scrolls of identify {unknown}
 q - a scroll of torment {unknown}
Potions
 b - a potion of degeneration {unknown}
 d - a potion of might
 g - 2 potions of curing
 h - 2 potions of brilliance {unknown}
 m - a potion of attraction {unknown}
 n - a potion of haste {unknown}
 p - a potion of lignification {unknown}
 r - a potion of ambrosia {unknown}


   Skills:
 + Level 1.4 Fighting
 + Level 1.7 Armour
 + Level 3.5 Dodging
 + Level 3.7 Stealth
 * Level 5.3 Spellcasting
 * Level 2.9 Conjurations
 - Level 1.1 Transmutations
 * Level 4.8 Earth Magic


You had 11 spell levels left.
You knew the following spells:

 Your Spells              Type           Power      Damage    Failure   Level
a - Sandblast             Erth           54%        2d13      2%          1
b - Stone Arrow           Conj/Erth      44%        3d9       10%         3

Your spell library contained the following spells:

 Spells                   Type           Power      Damage    Failure   Level
 Passwall                 Tmut/Erth      15%        N/A       7%          2
 Slow                     Hex            20%        N/A       16%         1
 Wereblood                Tmut           10%        N/A       16%         2
 Sublimation of Blood     Necr           5%         N/A       24%         2
 Call Canine Familiar     Summ           5%         N/A       43%         3
 Confusing Touch          Hex            5%         N/A       43%         3
 Portal Projectile        Hex/Tloc       10%        N/A       43%         3
 Vampiric Draining        Necr           5%         2d6       43%         3
 Petrify                  Tmut/Erth      19%        N/A       43%         4
 Leda's Liquefaction      Hex/Erth       8%         N/A       50%         4
 Yara's Violent Unravell  Hex/Tmut       4%         3d4       98%         5
 Enfeeble                 Hex            2%         N/A       100%        7
 Summon Hydra             Summ           2%         N/A       100%        7


Dungeon Overview and Level Annotations

Branches:
Dungeon (4/15)
 Temple: D:4-7

Altars:

Annotations:
D:4 Dowan, Duvessa


Message History

Dowan says, "Magic and the sword, together, will defeat you."
Dowan gestures wildly while chanting.
Dowan blinks!
Casting: Sandblast (safe; 2% risk of failure)
Confirm with . or Enter, or press ? or * to list all spells.
Aiming: Sandblast (safe; 2% risk of failure)
Press: ? - help, Shift-Dir - straight line, f/p - Duvessa
Aim: Duvessa, wielding a +0 short sword and wearing a +0 scale mail (moderately wounded, fast, 86% to hit)
The blast of sand hits Duvessa.
Duvessa is heavily wounded.
Duvessa hits you but does no damage.
Casting: Sandblast (safe; 2% risk of failure)
Confirm with . or Enter, or press ? or * to list all spells.
Aiming: Sandblast (safe; 2% risk of failure)
Press: ? - help, Shift-Dir - straight line, f/p - Duvessa
Aim: Duvessa, wielding a +0 short sword and wearing a +0 scale mail (heavily wounded, fast, 86% to hit)
The blast of sand hits Duvessa but does no damage.
Duvessa is heavily wounded.
Duvessa barely misses you. Duvessa hits you with a +0 short sword!
Casting: Sandblast (safe; 2% risk of failure)
Confirm with . or Enter, or press ? or * to list all spells.
Aiming: Sandblast (safe; 2% risk of failure)
Press: ? - help, Shift-Dir - straight line, f/p - Duvessa
Aim: Duvessa, wielding a +0 short sword and wearing a +0 scale mail (heavily wounded, fast, 86% to hit)
The blast of sand hits Duvessa but does no damage.
Duvessa is heavily wounded.
Duvessa hits you with a +0 short sword!
* * * LOW HITPOINT WARNING * * *
It was a potion of curing.
You feel better. Duvessa hits you with a +0 short sword.
* * * LOW HITPOINT WARNING * * *
Duvessa says, "My weaknesses are his strengths!"
Duvessa hits you with a +0 short sword.
* * * LOW HITPOINT WARNING * * *
You feel better. Duvessa hits you with a +0 short sword!
* * * LOW HITPOINT WARNING * * *
Unknown command.
You feel better. Duvessa closely misses you.
Duvessa hits you with a +0 short sword!
You die...

##.......###..#...
##'########..#.# #.#
#........#
#.####.###.#.##
#...#...[..#.##
###.#..###..†.##.###
####.#..#...........#
#....# #...#..#...#.#
#.#### #....@.....#
#.# #...#..ee?.#...#
#.# #..............#
#.# #..............#
#.# #...#......#..##
#.# #............##
#.# #.....#..#...#
#####.#
##..........##
......#


You could see Duvessa (fast) and Dowan.

Vanquished Creatures
  2 ogres (D:4)
  A bullfrog skeleton (D:4)
  An orc priest (D:3)
  3 orc wizards
  Robin (D:2)
  4 adders
  An ufetubus (D:4)
  2 worms (D:2)
  3 dart slugs
  10 orcs
  4 ball pythons
  8 endoplasms
  9 giant cockroaches
  15 goblins
  12 hobgoblins
  4 kobolds
  A quokka (D:1)
  5 bats
  2 frilled lizards (D:1)
  8 rats
96 creatures vanquished.

Notes
Turn   | Place    | Note
-------+----------+-------------------------------------------
     0 | D:1      | Kaptain the Deep Elf Earth Elementalist began the quest for
                  | the Orb.
     0 | D:1      | Reached XP level 1. HP: 10/10 MP: 6/6
   243 | D:1      | Reached XP level 2. HP: 10/15 MP: 4/8
  1379 | D:2      | Reached XP level 3. HP: 20/20 MP: 7/10
  1383 | D:2      | Learned a level 3 spell: Stone Arrow
  1418 | D:2      | Noticed Robin
  1634 | D:2      | Killed Robin
  1638 | D:2      | Reached skill level 4 in Spellcasting
  1639 | D:2      | Reached XP level 4. HP: 16/24 MP: 3/12
  1789 | D:2      | Reached skill level 1 in Conjurations
  2641 | D:3      | Reached skill level 1 in Armour
  2779 | D:3      | Reached skill level 1 in Fighting
  2779 | D:3      | Reached XP level 5. HP: 14/29 MP: 13/13
  3060 | D:3      | Identified the +7 flail of Oshiow {flame, rPois rF++ rC-}
  3075 | D:3      | Found a faded altar of an unknown god.
  3868 | D:4      | Noticed an ogre
  3875 | D:4      | Noticed an ogre
  3878 | D:4      | Killed an ogre
  3879 | D:4      | Reached XP level 6. HP: 12/34 MP: 9/15
  3891 | D:4      | Reached skill level 5 in Spellcasting
  4659 | D:4      | Noticed Duvessa
  4662 | D:4      | Noticed Dowan
  4672 | D:4      | HP: 1/34 [Duvessa (10)]
  4673 | D:4      | Slain by Duvessa

Illustrated notes

Levels and vault maps discovered:
D:1:      wander_arrival_desolate, layout_basic, minmay_misc_feat_alley
D:2:      layout_loops_cross, uniq_robin
D:3:      layout_basic, ebering_ecumenical_altar_abandoned,
          minmay_fractal_squares_5
D:4:      minmay_octagon_keep, layout_basic,
          grunt_temple_overflow_lords_of_destruction, st_stairs_9,
          minmay_misc_feat_plants, uniq_duvessa

Skill      XL: |  1  2  3  4  5  6 |
---------------+-------------------+-----
Spellcasting   | 4 5 |  5.3
Conjurations   | 1 2 |  2.9
Earth Magic    | 4 |  4.8
Armour         | 1 |  1.7
Dodging        | 3 |  3.5
Stealth        | 3 |  3.7
Fighting       | 1 |  1.4
Transmutations | |  1.1

Action                   |  1- 3 |  4- 6 || total
-------------------------+-------+-------++-------
Melee: Spear             |    12 |       ||    12
       Dagger            |    22 |    43 ||    65
       Flail             |       |    28 ||    28
 Cast: Sandblast         |    52 |    47 ||    99
  Use: Scroll            |     2 |     2 ||     4
       Potion            |       |     4 ||     4
 Stab: Sleeping          |     4 |     9 ||    13
Armor: Robe              |     4 |       ||     4
       Leather armour    |     9 |    27 ||    36
Dodge: Dodged            |    24 |    36 ||    60
